 Dungeon Crawl Stone Soup version 0.30.1-4-g462c640d31 (webtiles) character file.

Game seed: 14095920124419031065

1385 croobank the Covert (level 8, -2/57 HPs)
             Began as an Octopode Delver on Sept 16, 2023.
             Killed from afar by an orc wizard (6 damage)
             ... with a magic dart
             ... on level 5 of the Dungeon.
             The game lasted 00:29:41 (4880 turns).

croobank the Covert (Octopode Delver)               Turns: 4880, Time: 00:29:42

Health: -2/57      AC:  1    Str: 11    XL:     8   Next: 67%
Magic:  17/17      EV: 15    Int: 15    God:
Gold:   353        SH:  0    Dex: 13    Spells: 7/7 levels left

rFire   . . .        a - +0 short sword
rCold   . . .        (no shield)
rNeg    . . .        (helmet restricted)
rPois   .            (no amulet)
rElec   .            g - ring of flight
rCorr   .            i - ring of willpower
SInv    .            h - ring of magical power
Will    +....        (no ring)
Stlth   +++++        (no ring)
HPRegen 0.29/turn    (no ring)
MPRegen 0.15/turn    (no ring)
                     (no ring)

%: no passive effects
@: flying
A: almost no armour, amphibious, 8 rings, camouflage 1, gelatinous body 1,
(nimble swimmer 1), tentacles
a: no special abilities


You were on level 5 of the Dungeon.
You visited 2 branches of the dungeon, and saw 7 of its levels.

You collected 377 gold pieces.
You spent 24 gold pieces at shops.

Inventory:

Hand Weapons
 a - a +0 short sword (weapon)
 e - a +0 war axe
 o - a +2 short sword of electrocution
 s - a +0 trident
 u - a +2 mace of protection
Missiles
 l - 9 poisoned darts
 t - 3 boomerangs (quivered)
Jewellery
 g - a ring of flight (left tentacle)
 h - a ring of magical power (on tentacle)
 i - a ring of willpower (right tentacle)
Wands
 f - a wand of digging (3)
 r - a wand of roots (4)
Scrolls
 b - a scroll of fog
 c - 2 scrolls of magic mapping
 d - a scroll of butterflies
 q - a scroll of teleportation
 w - a scroll of fear
Potions
 j - a potion of resistance {unknown}
 k - a potion of invisibility {unknown}
 m - a potion of curing
 n - a potion of berserk rage {unknown}
 p - a potion of magic {unknown}
 v - a potion of degeneration {unknown}


   Skills:
 + Level 5.9 Fighting
 + Level 5.5 Short Blades
 + Level 5.5 Dodging
 + Level 9.9 Stealth


You had 7 spell levels left.
You didn't know any spells.
Your spell library contained the following spells:

 Spells                   Type           Power      Damage    Failure   Level
 Shock                    Conj/Air       0%         1d3       26%         1
 Swiftness                Air            0%         N/A       63%         3
 Tukima's Dance           Hex            0%         N/A       63%         3
 Airstrike                Air            0%         2d(0-16)  95%         4
 Passage of Golubria      Tloc           0%         N/A       95%         4
 Yara's Violent Unravell  Hex/Tmut       0%         3d3       100%        5


Dungeon Overview and Level Annotations

Branches:
Dungeon (6/15)             Temple (1/1) D:4

Altars:
Ashenzari
Dithmenos
Kikubaaqudgha
Nemelex Xobeh
Okawaru
Qazlal
Ru
Sif Muna
Trog
Uskayaw
Vehumet
Wu Jian
Yredelemnul
Zin

Shops:
D:1 [   D:2 ?

Annotations:
D:3 1 runed translucent door, Crazy Yiuf


Innate Abilities, Weirdness & Mutations

You cannot wear most types of armour.
You are amphibious.
You can wear up to eight rings at the same time.
Your skin changes colour to match your surroundings (Stealth+).
Your rubbery body absorbs attacks. (AC +1, EV +1)
((You are camouflaged when in or above water. (Stealth+)))
You have tentacles for arms and can constrict up to eight enemies at once.


Message History

Aiming: Fastroot
Press: ? - help, Shift-Dir - straight line, f - you The roots erupt in riotous growth!
Something hits you.
* * * LOW HITPOINT WARNING * * *
As you read the scroll of magic mapping, it crumbles to dust.
You feel aware of your surroundings. Something barely misses you.
What are your orders? t - Shout!
Orders for allies: a - Attack new target. r - Retreat! s - Stop attacking. g - Guard the area. f - Follow me.
Anything else - Cancel.
Retreat in which direction?
Press: ? - help, Dir - move target, f - you
Okay, then.
As you read the scroll of fog, it crumbles to dust.
The scroll dissolves into smoke.
Something hits you.
* * * LOW HITPOINT WARNING * * *
You hit something but do no damage. Your squeeze misses something.
You closely miss something. Something hits you.
* * * LOW HITPOINT WARNING * * *
You miss something. Something closely misses you.
You miss something. Your squeeze misses something. Something hits you.
* * * LOW HITPOINT WARNING * * *
You closely miss the adder. Your grab misses the adder. You squeeze the adder.
The adder is moderately wounded.
The adder bites you.
* * * LOW HITPOINT WARNING * * *
You hit the adder. Your grab misses the adder.
The adder is moderately wounded.
The adder completely misses you. Something hits you.
* * * LOW HITPOINT WARNING * * *
You closely miss the adder. Your grab misses the adder.
Your squeeze misses the adder.
The adder is moderately wounded.
The adder closely misses you.
You hear some strange, mumbled words.
A magic dart appears from out of thin air!
The magic dart hits you.
You die...

.............##..................
........###..#...................
.#....###....................,,,,
.....####.......##...........,,,,
..#..##....#...###...........,,,,
.##...#.#.......###..........,,,*
##....[.##....§§§##...........###
.#..#.#.......§§§§#..).....##...#
...##.##...###§§@S§.S.......#....
..#....#....##§§{§§..#..###......
......#......#§§§§§####..........
##...##.##..........####.........
###.....###............#.........
##.........#.##.#.........>......
.............##.##.#..#.o........
.............##.#..........#..##.
..............#............##.#..


You could see an adder.

Vanquished Creatures
  Pikel (D:6)
  Grinder (D:3)
  2 lemures (D:6)
  A phantom (D:4)
  A bullfrog (D:6)
  3 scorpions
  3 hounds (D:5)
  A jelly (D:5)
  A sleepcap (D:5)
  Jessica (D:3)
  3 iguanas (D:5)
  An orc wizard (D:5)
  6 adders
  A worm (D:4)
  2 dart slugs (D:2)
  14 orcs
  4 endoplasms
  4 giant cockroaches
  8 goblins
  6 hobgoblins
  7 jackals
  6 kobolds
  2 quokkas
  4 ball pythons
  5 bats
  5 rats
93 creatures vanquished.

Notes
Turn   | Place    | Note
-------+----------+-------------------------------------------
     0 | D:5      | croobank the Octopode Delver began the quest for the Orb.
     0 | D:5      | Reached XP level 1. HP: 16/16 MP: 1/1
     7 | D:5      | Noticed an iguana
    82 | D:4      | Reached XP level 2. HP: 11/21 MP: 2/2
   150 | D:4      | Noticed a scorpion
   277 | D:3      | Noticed Jessica
   277 | D:3      | Noticed Grinder
   297 | D:3      | Killed Jessica
   298 | D:3      | Reached skill level 7 in Stealth
   298 | D:3      | Reached XP level 3. HP: 15/26 MP: 3/3
   349 | D:5      | Reached XP level 4. HP: 21/31 MP: 4/4
   401 | D:5      | Reached XP level 5. HP: 37/37 MP: 5/5
   429 | D:4      | Found a staircase to the Ecumenical Temple.
   442 | Temple   | Entered the Ecumenical Temple
  1004 | D:2      | Identified the +4 ring mail "Arupics" {Int+4}
  1117 | D:1      | Reached XP level 6. HP: 39/43 MP: 6/6
  1153 | D:1      | Found Ypla's Armour Emporium.
  2226 | D:2      | Found Giunwe's Magic Scroll Emporium.
  2236 | D:2      | Bought a scroll of identify for 24 gold pieces
  2252 | D:2      | Found a glowing silver altar of Zin.
  3106 | D:3      | Reached skill level 8 in Stealth
  3257 | D:3      | Killed Grinder
  3258 | D:3      | Reached XP level 7. HP: 14/49 MP: 7/7
  3451 | D:3      | Found a runed translucent door.
  3452 | D:3      | Noticed Crazy Yiuf
  4190 | D:5      | Reached skill level 5 in Fighting
  4261 | D:6      | Reached skill level 9 in Stealth
  4335 | D:6      | Noticed Pikel
  4376 | D:6      | Killed Pikel
  4377 | D:6      | Reached skill level 5 in Short Blades
  4377 | D:6      | Reached skill level 5 in Dodging
  4377 | D:6      | Reached XP level 8. HP: 19/57 MP: 8/8
  4880 | D:5      | Killed from afar by an orc wizard

Illustrated notes

Levels and vault maps discovered:
D:1:      amcnicky_arrival_underground_garden, layout_loops_ring, serial_shops,
          shop, serial_bayou, serial_bayou_lake_a, serial_bayou_lagoon_a,
          serial_bayou_pond_a, serial_bayou_ford_a
D:2:      layout_loops_ring, basic_altar, serial_shops,
          nicolae_shop_window_shopping, serial_bayou_lagoon_b
D:3:      layout_basic, uniq_jessica, uniq_grinder, uniq_crazy_yiuf_cottage
D:4:      layout_basic, minmay_temple_entry_trees
D:5:      layout_cave_pools
D:6:      layout_basic, nicolae_overflow_hidden_temple, gammafunk_ghost_icy,
          uniq_prince_ribbit1, uniq_pikel
Temple:   eino_narrow_crystal_temple

Skill      XL: |  1  2  3  4  5  6  7 |
---------------+----------------------+-----
Stealth        | 7 8 9 |  9.9
Short Blades   | 3 4 5 |  5.5
Dodging        | 3 4 5 |  5.5
Fighting       | 4 5 |  5.9

Action                     |  1- 3 |  4- 6 |  7- 9 || total
---------------------------+-------+-------+-------++-------
  Melee: Short sword       |    36 |   129 |    90 ||   255
         Constrict         |    10 |    32 |    14 ||    56
         Tentacles         |    10 |    44 |    25 ||    79
         Punch             |       |     3 |     2 ||     5
  Throw: Boomerang         |       |       |     3 ||     3
         Dart              |       |       |     2 ||     2
  Evoke: Wand              |       |     3 |     3 ||     6
    Use: Scroll            |     2 |     7 |     3 ||    12
         Potion            |     1 |     2 |     2 ||     5
   Stab: Sleeping          |       |    23 |     7 ||    30
         Distracted        |       |     2 |       ||     2
 Armour: Skin              |     1 |     5 |       ||     6
  Dodge: Dodged            |    18 |    64 |    47 ||   129
